 Dungeon Crawl Stone Soup version 0.29-a0-870-g2c972031a6 (webtiles) character file.

Game seed: 379836219835720938

1971 mathmaestro the Purveyor of Pain (level 9, 69/69 HPs)
             Began as a Demonspawn Necromancer on July 17, 2022.
             Was an Initiate of Kikubaaqudgha.
             Quit the game on level 6 of the Dungeon.
             The game lasted 00:22:14 (7967 turns).

mathmaestro the Purveyor of Pain (DsNe)             Turns: 7967, Time: 00:22:15

Health: 69/69      AC:  8    Str:  9    XL:     9   Next: 0%
Magic:  18/26      EV: 12    Int: 24    God:    Kikubaaqudgha [......]
Gold:   221        SH:  0    Dex: 17    Spells: 6/19 levels left

rFire   . . .      SeeInvis .   G - +7 spear "Pashraibu" {vorpal, Dex+3}
rCold   . . .      Faith    .   (no shield)
rNeg    . . .      Spirit   .   e - +0 leather armour
rPois   .          Reflect  .   (helmet restricted)
rElec   .          Harm     .   (no cloak)
rCorr   .          Rampage  .   d - +2 pair of gloves
Will    +....                   p - +0 pair of boots
Stlth   ++........              C - amulet of the acrobat
HPRegen 1.21/turn               j - ring of willpower
MPRegen 0.20/turn               F - ring of Nokkua {MP+9 Int+4 Slay+3}

@: no status effects
A: antennae 1, ignite blood 1, powered by death 3
a: Renounce Religion


You were on level 6 of the Dungeon.
You worshipped Kikubaaqudgha.
Kikubaaqudgha was noncommittal.
You visited 2 branches of the dungeon, and saw 7 of its levels.
You also visited: Ossuary.

You collected 296 gold pieces.
You spent 75 gold pieces at shops.

Inventory:

Hand Weapons
 o - a +1 hand axe
 s - a +0 sling
 G - the +7 spear "Pashraibu" (weapon) {vorpal, Dex+3}
   (You found it on level 6 of the Dungeon)

   It inflicts extra damage upon your enemies.
   Dex:       It affects your dexterity (+3).
Armour
 d - a +2 pair of gloves (worn)
 e - a +0 leather armour (worn)
 p - a +0 pair of boots (worn)
Jewellery
 j - a ring of willpower (left hand)
 C - an amulet of the acrobat (around neck)
 F - the ring of Nokkua (right hand) {MP+9 Int+4 Slay+3}
   (You found it on level 6 of the Dungeon)

   [ring of magical power]

   Int:       It affects your intelligence (+4).
   Slay:      It affects your accuracy & damage with ranged weapons and melee
   (+3).
   MP:        It affects your magic capacity (+9).
Wands
 D - a wand of polymorph (9)
Scrolls
 a - 6 scrolls of enchant armour
 i - 2 scrolls of blinking
 k - 2 scrolls of amnesia
 r - 2 scrolls of teleportation
 u - a scroll of fear
 v - a scroll of fog
 w - a scroll of magic mapping
 y - 2 scrolls of enchant weapon
Potions
 b - a potion of magic
 c - 4 potions of mutation
 f - a potion of lignification
 g - 3 potions of brilliance
 h - a potion of might
 l - 5 potions of heal wounds
 n - 2 potions of ambrosia
 q - a potion of flight
 t - 4 potions of curing
 x - a potion of cancellation {unknown}
 z - a potion of invisibility {unknown}
 A - 2 potions of degeneration {unknown}
 B - 2 potions of attraction {unknown}


   Skills:
 + Level 5.6 Fighting
 - Level 5.0 Armour
 - Level 2.0 Dodging
 - Level 2.0 Stealth
 + Level 5.7 Spellcasting
 + Level 7.8 Necromancy


You had 6 spell levels left.
You knew the following spells:

 Your Spells              Type           Power      Damage    Failure   Level
a - Necrotise             Necr           100%       1d9       1%          1
b - Vampiric Draining     Necr           44%        2d9       1%          3
c - Animate Dead          Necr           44%        N/A       4%          4
d - Agony                 Necr           44%        N/A       12%         5

Your spell library contained the following spells:

 Spells                   Type           Power      Damage    Failure   Level


Dungeon Overview and Level Annotations

Branches:
Dungeon (6/15)             Temple (1/1) D:5         Ossuary (visited)

Altars:
Ashenzari
Dithmenos
Fedhas
Gozag
Hepliaklqana
Kikubaaqudgha
Makhleb
Nemelex Xobeh
Qazlal
Sif Muna
Xom
Yredelemnul

Shops:
D:2 (*


Innate Abilities, Weirdness & Mutations

You have a pair of small antennae on your head.
Your demonic aura sometimes causes spilled blood to erupt in flames.
You regenerate a lot of health from kills.


Message History

Casting: Necrotise (safe; 1% risk of failure)
Confirm with . or Enter, or press ? or * to list all spells.
Aiming: Necrotise (safe; 1% risk of failure)
Press: ? - help, Shift-Dir - straight line, f/p - bullfrog
Aim: a bullfrog (lightly wounded, chance to affect: 83%)
The bullfrog writhes in agony.
The bullfrog barely misses you.
The bullfrog hits you but does no damage.
Casting: Necrotise (safe; 1% risk of failure)
Confirm with . or Enter, or press ? or * to list all spells.
Aiming: Necrotise (safe; 1% risk of failure)
Press: ? - help, Shift-Dir - straight line, f/p - bullfrog
Aim: a bullfrog (heavily wounded, chance to affect: 83%)
The bullfrog barely resists.
The bullfrog hits you but does no damage.
Casting: Necrotise (safe; 1% risk of failure)
Confirm with . or Enter, or press ? or * to list all spells.
Aiming: Vampiric Draining (safe; 1% risk of failure)
Press: ? - help, Shift-Dir - straight line, f/p - bullfrog
Aim: a bullfrog (heavily wounded)
You draw life force from the bullfrog.
You feel life coursing into your body. The bullfrog barely misses you.
The bullfrog closely misses you.
Unknown command.
You barely miss the bullfrog.
The bullfrog is severely wounded.
The bullfrog hits you but does no damage.
The bullfrog misses you.
You hit the bullfrog.
You kill the bullfrog!
Kikubaaqudgha accepts your kill.
You have reached level 9!
Your experience leads to an increase in your attributes!
Your base attributes are Str 9, Int 18, Dex 14.
Increase (S)trength, (I)ntelligence, or (D)exterity?
Uppercase letters only, please.
Uppercase letters only, please.
You feel clever. x2; Your demonic ancestry asserts itself...
Your blood heats up.
Unknown command.
Unknown command.
Are you sure you want to abandon this character and quit the game? (Confirm with "yes".)

#.
#........#......#####.###.
#........#......# #.)##.
+...............# ##.##.
#.)......#.###### #..#.
##########.# ##.#.
.........# #... #######..#
##.. #..# #.. #@.# #.>
#†.# ### #..# #..# #..#
#..# #..# #...


There were no monsters in sight!

Vanquished Creatures
  A wraith (Ossuary)
  2 water moccasins
  3 black bears
  2 ice beasts (D:5)
  2 ogres
  A centaur (D:5)
  A bullfrog (D:6)
  2 necrophages (D:5)
  2 scorpions (D:5)
  2 jellies (D:4)
  4 hounds
  2 orc priests (D:5)
  2 iguanas
  An orc wizard (D:5)
  2 mummies (Ossuary)
  7 adders
  6 gnolls
  A worm (D:2)
  3 dart slugs
  4 orcs
  3 endoplasms (D:3)
  5 giant cockroaches
  3 goblins
  4 hobgoblins
  8 jackals
  4 quokkas
  2 ball pythons (D:1)
  7 bats
  3 frilled lizards
  A goblin zombie (Ossuary)
  4 hobgoblin zombies (Ossuary)
  A kobold (D:4)
  A kobold zombie (Ossuary)
  An orc zombie (Ossuary)
  4 rats
101 creatures vanquished.

Vanquished Creatures (collateral kills)
  A scorpion (D:6)
  2 worms
  A goblin (D:1)
4 creatures vanquished.

Grand Total: 105 creatures vanquished

Notes
Turn   | Place    | Note
-------+----------+-------------------------------------------
     0 | D:1      | mathmaestro the Demonspawn Necromancer began the quest for
                  | the Orb.
     0 | D:1      | Reached XP level 1. HP: 13/13 MP: 3/3
   433 | D:1      | Gained mutation: You have a pair of small antennae on your
                  | head. [demonic ancestry]
   433 | D:1      | Reached XP level 2. HP: 20/20 MP: 0/5
   967 | D:2      | Found Tekotim's Weapon Shop.
  1079 | D:2      | Reached skill level 1 in Fighting
  1379 | D:2      | Reached XP level 3. HP: 26/26 MP: 1/6
  1432 | D:2      | Found Iroopim's General Store.
  1448 | D:2      | Learned a level 3 spell: Vampiric Draining
  1448 | D:2      | Bought a scroll of blinking for 75 gold pieces
  1984 | D:3      | Found a faded altar of an unknown god.
  2456 | D:3      | Identified the +0 chain mail of the Wheelwright {Rampage
                  | Stlth+}
  2512 | D:3      | Gained mutation: You regenerate a little health from kills.
                  | [demonic ancestry]
  2512 | D:3      | Reached XP level 4. HP: 32/32 MP: 3/7
  2517 | D:3      | Learned a level 4 spell: Animate Dead
  2579 | D:3      | Reached skill level 1 in Armour
  2839 | D:3      | Reached skill level 5 in Necromancy
  3316 | D:4      | Noticed an orc warrior
  3407 | D:4      | Found a sand-covered staircase.
  3417 | D:4      | Gained mutation: You regenerate health from kills. [demonic
                  | ancestry]
  3417 | D:4      | Reached XP level 5. HP: 38/38 MP: 0/9
  3436 | Ossuary  | Entered an ossuary
  3436 | Ossuary  | Noticed a wraith
  3436 | Ossuary  | Noticed a wraith
  3436 | Ossuary  | Noticed a wraith
  3956 | Ossuary  | Noticed a wraith
  3973 | Ossuary  | Killed a wraith
  3974 | Ossuary  | Reached XP level 6. HP: 46/46 MP: 9/11
  5125 | D:4      | Noticed a water moccasin
  5136 | D:4      | Killed a water moccasin
  5137 | D:4      | Reached skill level 6 in Necromancy
  5137 | D:4      | Gained mutation: You regenerate a lot of health from kills.
                  | [demonic ancestry]
  5137 | D:4      | Reached XP level 7. HP: 48/52 MP: 1/12
  5300 | D:5      | Entered Level 5 of the Dungeon
  5406 | D:5      | Learned a level 5 spell: Agony
  6040 | D:5      | Reached XP level 8. HP: 36/61 MP: 3/14
  6271 | D:5      | Reached skill level 7 in Necromancy
  6441 | D:5      | Reached skill level 5 in Spellcasting
  6621 | D:5      | Reached skill level 5 in Fighting
  6759 | D:5      | Found a staircase to the Ecumenical Temple.
  6771 | Temple   | Entered the Ecumenical Temple
  7052 | Temple   | Became a worshipper of Kikubaaqudgha
  7600 | D:6      | Identified the ring of Nokkua {MP+9 Int+4 Slay+3}
  7723 | D:6      | Identified the +7 spear "Pashraibu" {vorpal, Dex+3}
  7853 | D:6      | Reached skill level 5 in Armour
  7967 | D:6      | Gained mutation: Your demonic aura sometimes causes spilled
                  | blood to erupt in flames. [demonic ancestry]
  7967 | D:6      | Reached XP level 9. HP: 69/69 MP: 17/17
  7967 | D:6      | Quit the game

Illustrated notes

Levels and vault maps discovered:
D:1:      nicolae_arrival_somewhat_less_tricky_arrival, layout_loops_ring
D:2:      layout_loops_ring, serial_shops, nicolae_shop_crystal, shop,
          nicolae_kite_square_tiling_tiny, minmay_misc_feat_columns,
          minmay_cut_off
D:3:      layout_basic, nicolae_ecumenical_oubliette
D:4:      layout_loops_ring, enter_ossuary_3
D:5:      layout_basic, minmay_temple_entry_mini_moons, minmay_bent
D:6:      layout_basic, lexackson_kobold_supper
Temple:   nicolae_temple_figure_eight

Skill      XL: |  1  2  3  4  5  6  7  8 |
---------------+-------------------------+-----
Stealth        | 2 |  2.0
Dodging        | 2 |  2.0
Fighting       | 1 2 3 4 5 |  5.6
Armour         | 1 2 3 5 |  5.0
Necromancy     | 5 6 7 |  7.8
Spellcasting   | 3 4 5 |  5.7

Action                   |  1- 3 |  4- 6 |  7- 9 || total
-------------------------+-------+-------+-------++-------
Melee: Dagger            |    15 |       |     2 ||    17
       Hand axe          |       |    44 |    56 ||   100
       Punch             |       |     1 |       ||     1
       Spear             |       |       |     5 ||     5
       Sling             |       |       |     3 ||     3
 Fire: Sling             |     6 |    64 |    20 ||    90
 Cast: Necrotise         |    66 |    54 |   118 ||   238
       Vampiric Draining |       |     5 |    13 ||    18
  Use: Scroll            |     9 |     5 |     3 ||    17
       Potion            |       |     5 |     1 ||     6
 Stab: Sleeping          |     1 |       |     1 ||     2
Armor: Robe              |     1 |       |       ||     1
       Leather armour    |     8 |    23 |    78 ||   109
       Skin              |       |     6 |       ||     6
Dodge: Dodged            |    20 |    58 |    89 ||   167

Table legend: (Time is in decaauts)
 A = Elapsed time spent in this place.
 B = Non-inter-level travel time spent in this place.
 C = Inter-level travel time spent in this place.
 D = Time resting spent in this place.
 E = Time spent auto-exploring this place.
 F = Levels seen in this place.
 G = Mean time per level.
                   A        B        C        D        E       F      G
               +--------+--------+--------+--------+--------+-----+--------+
         Total |   8047 |   7705 |    342 |   2105 |   3980 |   8 | 1005.9 |
       Dungeon |   6617 |   6295 |    322 |   1458 |   3477 |   6 | 1102.8 |
        Temple |    293 |    273 |     20 |     53 |    209 |   1 |  293.0 |
       Ossuary |   1136 |   1136 |      0 |    594 |    294 |   1 | 1136.0 |
               +--------+--------+--------+--------+--------+-----+--------+

Top non-repeatable levels by time:
     D:5: 1962 daAuts
     D:2: 1318 daAuts
 Ossuary: 1136 daAuts
     D:3: 1058 daAuts
     D:1: 959 daAuts
     D:4: 931 daAuts
     D:6: 387 daAuts
  Temple: 293 daAuts
